[Event "GCT Saint Louis Blitz 2019"]
[Site "Saint Louis"]
[Date "2019.08.13"]
[Round "1"]
[White "Caruana, Fabiano"]
[Black "Rapport, Richard"]
[Result "0-1"]
[ECO "B06"]
[WhiteElo "2818"]
[BlackElo "2747"]
[Annotator "RC"]
[PlyCount "102"]
[EventDate "2019.08.13"]
[EventType "tourn"]
[EventCountry "USA"]
[SourceTitle "playchess.com"]
[Source "ChessBase"]
[SourceQuality "1"]
[TimeMode "Bronstein"]
[TimeControl "300+3"]

1. e4 g6 2. d4 c6 3. c4 Bg7 4. Nc3 d6 5. f4 Qb6 6. e5 Nh6 7. Be2 O-O 8. Nf3 Bg4 9. Qb3 Nf5 10. Qxb6 axb6 11. d5 Bxf3 12. Bxf3 dxe5 13. fxe5 Bxe5 14. O-O Na6 15. dxc6 bxc6 16. Bxc6 Rad8 17. Be4 Nd6 18. Bf3 Nc5 19. Nd5 e6 20. Ne7+ Kg7 21. Nc6 Nxc4 22. Be2 Rc8 23. Nxe5 Nxe5 24. Be3 f6 25. a4 Ra8 26. a5 Nb3 27. Bxb6 Nxa1 28. Rxa1 Rfb8 29. Bd4 Nc6 30. Bc3 Nxa5 31. Bf3 Ra7 32. b4 Nc6 33. Bxc6 Rxa1+ 34. Bxa1 Rxb4 35. Kf2 h5 36. Bf3 e5 37. Bc3 Ra4 38. h3 h4 39. Be2 g5 40. Bb2 Kg6 41. Bc3 Ra3 42. Bb4 Rb3 43. Bd6 Kf5 44. Bc5 Kf4 45. Bd6 f5 46. Be7 Rb2 47. Bc5 g4 48. hxg4 fxg4 49. Be3+ Ke4 50. Bc5 h3 51. gxh3 gxh3 0-1

[Event "GCT Saint Louis Blitz 2019"]
[Site "Saint Louis"]
[Date "2019.08.13"]
[Round "1"]
[White "Dominguez Perez, Leinier"]
[Black "Mamedyarov, Shakhriyar"]
[Result "0-1"]
[ECO "C54"]
[WhiteElo "2763"]
[BlackElo "2764"]
[Annotator "ChessBase"]
[PlyCount "88"]
[EventDate "2019.08.13"]
[EventType "tourn"]
[EventCountry "USA"]
[SourceTitle "playchess.com"]
[Source "ChessBase"]
[SourceQuality "1"]
[TimeMode "Bronstein"]
[TimeControl "300+3"]

1. e4 e5 2. Nf3 Nc6 3. Bc4 Bc5 4. c3 Nf6 5. d3 d6 6. Nbd2 a5 7. O-O O-O 8. h3 h6 9. Re1 Be6 10. Bb5 Qb8 11. Nf1 Qa7 12. Qd2 a4 13. Ng3 Rfd8 14. Bxc6 bxc6 15. d4 Bb6 16. Qd1 exd4 17. Nxd4 Re8 18. Be3 c5 19. Nxe6 Rxe6 20. Qc2 Rae8 21. f3 d5 22. Bf2 c4 23. Rad1 h5 24. Kf1 h4 25. Nf5 dxe4 26. Bxh4 Qa5 27. Bxf6 Rxf6 28. fxe4 g6 29. g4 gxf5 30. exf5 Rxe1+ 31. Rxe1 Qc5 32. Kg2 Rd6 33. Qe2 Kh7 34. Rf1 Rd3 35. Qe4 Qe3 36. Qxe3 Rxe3 37. Rf2 Rxh3 38. Rf4 Rd3 39. Rxc4 Rd2+ 40. Kg3 Rxb2 41. Rxa4 Rc2 42. Rc4 Rxa2 43. g5 Kg7 44. Kg4 Rc2 0-1

[Event "GCT Saint Louis Blitz 2019"]
[Site "Saint Louis"]
[Date "2019.08.13"]
[Round "2"]
[White "Rapport, Richard"]
[Black "Vachier-Lagrave, Maxime"]
[Result "1-0"]
[ECO "A45"]
[WhiteElo "2747"]
[BlackElo "2778"]
[Annotator "RC"]
[PlyCount "73"]
[EventDate "2019.08.13"]
[EventType "tourn"]
[EventCountry "USA"]
[SourceTitle "playchess.com"]
[Source "ChessBase"]
[SourceQuality "1"]
[TimeMode "Bronstein"]
[TimeControl "300+3"]

1. d4 Nf6 2. Bg5 d5 3. e3 c5 4. c3 Qb6 5. Qc2 Nc6 6. Nd2 e6 7. Ngf3 Be7 8. Bd3 h6 9. Bh4 Bd7 10. a3 Rc8 11. Qb1 cxd4 12. exd4 O-O 13. O-O Nh5 14. Ne5 Nxe5 15. Bh7+ Kh8 16. Bxe7 Rfe8 17. Bh4 f5 18. dxe5 Kxh7 19. Nf3 Rc4 20. Rd1 Re4 21. Rd4 g5 22. Bxg5 Rxd4 23. Be3 Re4 24. Bxb6 axb6 25. Qc2 Nf4 26. Re1 Ng6 27. Qb3 b5 28. Rxe4 fxe4 29. Nd4 Nxe5 30. Qb4 Bc6 31. Qd6 Nc4 32. Qf4 Kg6 33. b3 Nb6 34. Qg4+ Kf6 35. Qh5 Rh8 36. Nxe6 Be8 37. Qg4 1-0

[Event "GCT Saint Louis Blitz 2019"]
[Site "Saint Louis"]
[Date "2019.08.13"]
[Round "4"]
[White "Yu, Yangyi"]
[Black "Dominguez Perez, Leinier"]
[Result "1-0"]
[ECO "C48"]
[WhiteElo "2752"]
[BlackElo "2763"]
[Annotator "ChessBase"]
[PlyCount "103"]
[EventDate "2019.08.13"]
[EventType "tourn"]
[EventCountry "USA"]
[SourceTitle "playchess.com"]
[Source "ChessBase"]
[SourceQuality "1"]
[TimeMode "Bronstein"]
[TimeControl "300+3"]

1. e4 e5 2. Nf3 Nc6 3. Nc3 Nf6 4. Bb5 Nd4 5. Bc4 Bc5 6. Nxe5 Qe7 7. Nf3 d5 8. Nxd5 Qxe4+ 9. Ne3 Bg4 10. Be2 Nxe2 11. Qxe2 O-O 12. d3 Qa4 13. Nxg4 Nxg4 14. O-O Rfe8 15. Qd1 h6 16. h3 Ne5 17. Nxe5 Rxe5 18. c3 Qxd1 19. Rxd1 Re2 20. d4 Bd6 21. Bd2 Rae8 22. Re1 R8e6 23. Rxe2 Rxe2 24. Rd1 b5 25. Kf1 Re6 26. Re1 Rxe1+ 27. Kxe1 f5 28. Ke2 Kf7 29. Kd3 Ke6 30. c4 c6 31. d5+ Kd7 32. dxc6+ Kxc6 33. cxb5+ Kxb5 34. b3 h5 35. f3 a6 36. a4+ Kc5 37. b4+ Kd5 38. Kc3 g6 39. Be3 Be5+ 40. Kb3 Bd6 41. b5 axb5 42. axb5 f4 43. Bg1 Be5 44. Kb4 Bd6+ 45. Ka5 Kc4 46. b6 Kd3 47. b7 Ke2 48. Kb6 Kf1 49. Kc6 Bb8 50. Bb6 Kxg2 51. Bc7 Ba7 52. Kb5 1-0

[Event "GCT Saint Louis Blitz 2019"]
[Site "Saint Louis"]
[Date "2019.08.13"]
[Round "5"]
[White "Dominguez Perez, Leinier"]
[Black "Rapport, Richard"]
[Result "1/2-1/2"]
[ECO "C10"]
[WhiteElo "2763"]
[BlackElo "2747"]
[Annotator "ChessBase"]
[PlyCount "65"]
[EventDate "2019.08.13"]
[EventType "tourn"]
[EventCountry "USA"]
[SourceTitle "playchess.com"]
[Source "ChessBase"]
[SourceQuality "1"]
[TimeMode "Bronstein"]
[TimeControl "300+3"]

1. e4 e6 2. d4 d5 3. Nc3 dxe4 4. Nxe4 Bd7 5. Nf3 Bc6 6. Bd3 Nd7 7. Neg5 Ngf6 8. O-O Bd6 9. Qe2 h6 10. Ne4 Nxe4 11. Bxe4 Bxe4 12. Qxe4 c6 13. Rd1 O-O 14. c4 Re8 15. Qc2 Qc7 16. Be3 Rad8 17. g3 e5 18. dxe5 Nxe5 19. Nxe5 Bxe5 20. Rac1 Rxd1+ 21. Rxd1 Rd8 22. b3 a6 23. Rxd8+ Qxd8 24. Qe4 Bf6 25. Kg2 h5 26. h3 g6 27. g4 hxg4 28. hxg4 Qd7 29. g5 Bc3 30. Kg3 Bb2 31. Kg2 Bc3 32. Kg3 Bb2 33. Kg2 1/2-1/2

[Event "GCT Saint Louis Blitz 2019"]
[Site "Saint Louis"]
[Date "2019.08.13"]
[Round "6"]
[White "Dominguez Perez, Leinier"]
[Black "Aronian, Levon"]
[Result "1-0"]
[ECO "C65"]
[WhiteElo "2763"]
[BlackElo "2765"]
[Annotator "RC"]
[PlyCount "61"]
[EventDate "2019.08.13"]
[EventType "tourn"]
[EventCountry "USA"]
[SourceTitle "playchess.com"]
[Source "ChessBase"]
[SourceQuality "1"]
[TimeMode "Bronstein"]
[TimeControl "300+3"]

1. e4 e5 2. Nf3 Nc6 3. Bb5 Nf6 4. d3 Bc5 5. Bxc6 dxc6 6. Nbd2 Be6 7. O-O Bd6 8. Nb3 a5 9. Qe1 a4 10. Na5 Qb8 11. b4 Bg4 12. Nh4 O-O 13. Nc4 Be6 14. Nxd6 cxd6 15. f4 exf4 16. Bxf4 Re8 17. a3 Nh5 18. Bd2 d5 19. Qe2 Nf6 20. Rxf6 gxf6 21. Rf1 dxe4 22. Bc3 Qd6 23. Bxf6 h6 24. Qh5 Kh7 25. Nf5 Qf8 26. dxe4 Rad8 27. Rf4 Rd2 28. Rg4 Rd1+ 29. Kf2 Rd2+ 30. Ke1 Rxc2 31. Bg7 1-0

[Event "GCT Saint Louis Blitz 2019"]
[Site "Saint Louis"]
[Date "2019.08.14"]
[Round "12"]
[White "Ding, Liren"]
[Black "Aronian, Levon"]
[Result "0-1"]
[ECO "D37"]
[WhiteElo "2805"]
[BlackElo "2765"]
[Annotator "RC"]
[PlyCount "83"]
[EventDate "2019.08.13"]
[EventType "tourn"]
[EventCountry "USA"]
[SourceTitle "playchess.com"]
[Source "ChessBase"]
[SourceQuality "1"]
[TimeMode "Bronstein"]
[TimeControl "300+3"]

1. d4 Nf6 2. c4 e6 3. Nf3 d5 4. Nc3 Nbd7 5. Bf4 dxc4 6. e3 b5 7. Nxb5 Bb4+ 8. Nc3 Nd5 9. Rc1 N7b6 10. Bg3 c5 11. Be2 O-O 12. O-O Bb7 13. Nxd5 Qxd5 14. a3 cxd4 15. Qxd4 Be7 16. Qxd5 Bxd5 17. Nd2 Rac8 18. e4 c3 19. Nb1 c2 20. exd5 cxb1=Q 21. Rxb1 Nxd5 22. Rfd1 Bf6 23. Bf3 Rfd8 24. b4 g6 25. Bxd5 exd5 26. a4 Rc4 27. f3 Bc3 28. Be1 Bxe1 29. Rxe1 Rb8 30. Re7 a5 31. b5 Rxa4 32. b6 Rb4 33. Ra1 R8xb6 34. Rxa5 Rb1+ 35. Kf2 R1b2+ 36. Kg3 Rd2 37. Ra8+ Kg7 38. Raa7 Rf6 39. Red7 Rf5 40. h4 h5 41. Ra5 g5 42. Ra4 0-1

[Event "GCT Saint Louis Blitz 2019"]
[Site "Saint Louis"]
[Date "2019.08.14"]
[Round "18"]
[White "Dominguez Perez, Leinier"]
[Black "Karjakin, Sergey"]
[Result "0-1"]
[ECO "B12"]
[WhiteElo "2763"]
[BlackElo "2750"]
[Annotator "RC"]
[PlyCount "114"]
[EventDate "2019.08.13"]
[EventType "tourn"]
[EventCountry "USA"]
[SourceTitle "playchess.com"]
[Source "ChessBase"]
[SourceQuality "1"]
[TimeMode "Bronstein"]
[TimeControl "300+3"]

1. e4 c6 2. d4 d5 3. e5 Bf5 4. Nf3 e6 5. Be2 Ne7 6. c3 h6 7. O-O Nd7 8. Nbd2 Qc7 9. Re1 Bg6 10. b3 Nc8 11. Nf1 Be7 12. Ng3 c5 13. Bd3 Bxd3 14. Qxd3 Ncb6 15. Nh5 g6 16. Nf4 Qc6 17. Bd2 c4 18. Qc2 a5 19. Rab1 cxb3 20. axb3 a4 21. bxa4 Rxa4 22. Ra1 Ra6 23. h4 Nc4 24. g3 Kd8 25. h5 g5 26. Ng2 Ndb6 27. Nh2 Na4 28. Rec1 Kd7 29. Ng4 b5 30. N2e3 Nxe3 31. Bxe3 Qc4 32. Kg2 Rc6 33. Qd2 Rc7 34. Rc2 Nxc3 35. Qe1 Qd3 36. Rd2 Qf5 37. f3 Rhc8 38. Rb2 b4 39. Qf1 Qh7 40. Bf2 Ke8 41. Qa6 Kf8 42. Qb6 Kg7 43. Ra7 Rxa7 44. Qxa7 Bf8 45. Qd7 Ra8 46. Nf6 Qd3 47. Ne8+ Rxe8 48. Qxe8 g4 49. fxg4 Qe4+ 50. Kh2 Qxg4 51. Kg2 Qxh5 52. Qd7 Qg6 53. Rd2 Qe4+ 54. Kh2 Qf5 55. Kg2 Ne4 56. Rb2 Ng5 57. Qb5 Qh3+ 0-1